Map: Romanticide LE

Players

Massa

  • Race: Terran Terran
  • League: Platinum
  • Spawn Location: 5:00

kcaddeJ - Winner!

  • Race: Protoss Protoss
  • League: Platinum
  • Spawn Location: 11:00

VOD

Have the link to the VOD?

Description

Time

  • Played on: Feb. 26, 2021, 12:14 p.m.
  • Length: 8:50
Show
View Real Time Build Order
Export as new Build Order

Massa Terran 

Build Orders:  

Get SALT Encoding   

  12  0:00  SCV  
  13  0:12  SCV  
  14  0:21  Supply Depot  
  14  0:27  SCV  
  15  0:43  SCV  
  15  0:44  Barracks  
  16  0:55  Refinery, SCV  
  17  1:10  SCV  
  18  1:22  SCV  
  19  1:34  SCV  
  20  1:43  Barracks Reactor  
  20  1:44  Command Center  
  20  1:48  Orbital Command  
  20  2:18  Supply Depot  
  20  2:19  Factory  
  20  2:31  Marine x2  
  22  2:37  Supply Depot  
  22  2:50  Marine  
  22  2:51  Marine  
  24  2:52  SCV  
  25  3:01  Orbital Command  
  25  3:04  SCV  
  26  3:08  Marine  
  26  3:09  Hellion  
  29  3:14  Marine  
  30  3:45  Starport, Barracks Tech Lab  
  30  3:46  Hellion x2  
  34  3:56  SCV x2  
  36  4:04  Engineering Bay  
  36  4:07  Hellion x2  
  36  4:08  Supply Depot, SCV  
  40  4:12  Marine  
  40  4:15  SCV  
  42  4:20  SCV  
  42  4:21  Starport Tech Lab  
  43  4:29  Hellion x2  
  47  4:37  SCV  
  47  4:38  SCV  
  48  4:49  SCV  
  48  4:50  SCV  
  44  4:56  Hellion x2  
  41  5:00  Marine  
  41  5:02  Banshee  
  41  5:04  Cloaking Field  
  41  5:06  SCV x2  
  40  5:18  Hellion x2, SCV x2  
  46  5:23  Terran Infantry Weapons Level 1, Barracks x2  
  46  5:26  Supply Depot x2, Barracks  
  46  5:27  Refinery  
  46  5:29  Marauder  
  46  5:30  SCV  
  47  5:47  Banshee  
  29  6:03  Supply Depot, Marine, Widow Mine  
  20  6:09  SCV x2  
  13  6:21  Marine, SCV x2  
  15  6:40  SCV x2  
  15  6:52  SCV  
  15  6:57  SCV  
  16  7:04  Barracks Reactor  
  16  7:11  SCV  
  16  7:12  SCV  
  12  7:46  Marine  
  12  7:47  Marine x4  
  17  8:03  SCV x2  
  17  8:04  Marine  
  17  8:05  Marine x3  
  24  8:15  SCV x2  
  26  8:25  Marine x4  
Show
View Real Time Build Order
Export as new Build Order

kcaddeJ Protoss - Winner!

Build Orders: 1 Gate Expand 

Get SALT Encoding   

  12  0:00  Probe  
  13  0:14  Pylon  
  13  0:17  Probe  
  14  0:29  Probe  
  14  0:35  Gateway  
  15  0:41  Probe  
  16  0:53  Probe  
  17  1:11  Nexus  
  17  1:24  Assimilator  
  17  1:26  Cybernetics Core  
  17  1:28  Probe  
  18  1:45  Probe  
  19  2:07  Probe  
  20  2:11  Warp Gate (Chrono Boost)  
  20  2:17  Gateway  
  20  2:23  Assimilator  
  20  2:31  Adept  
  22  2:37  Probe  
  22  2:47  Probe  
  23  2:53  Probe  
  24  2:59  Adept (Chrono Boost)  
  28  3:06  Pylon  
  28  3:10  Adept (Chrono Boost)  
  28  3:13  Pylon  
  28  3:14  Probe x2  
  30  3:21  Adept  
  30  3:26  Twilight Council  
  32  3:27  Pylon  
  32  3:31  Gateway  
  32  3:35  Probe  
  32  3:36  Probe  
  34  3:51  Adept  
  34  3:53  Gateway  
  36  3:57  Adept  
  36  4:00  Probe  
  36  4:01  Probe  
  40  4:03  Resonating Glaives (Chrono Boost)  
  40  4:15  Probe x2  
  42  4:19  Adept  
  44  4:28  Adept  
  44  4:30  Probe x2  
  48  4:35  Pylon  
  48  4:36  Adept  
  40  5:03  Adept x4  
  48  5:15  Probe x2  
  48  5:18  Robotics Facility  
  50  5:29  Adept x4  
  50  5:59  Stalker x2  
  50  6:00  Stalker  
  50  6:02  Probe  
  50  6:03  Forge, Probe  
  56  6:05  Pylon, Stalker  
  52  6:20  Probe x2  
  52  6:22  Warp Prism  
  54  6:32  Probe x2  
  56  6:36  Stalker x3  
  56  6:37  Stalker  
  60  6:52  Assimilator  
  58  6:55  Photon Cannon  
  58  7:00  Stalker  
  58  7:01  Stalker x3  
  66  7:10  Observer (Chrono Boost)  
  65  7:41  Stalker x3  
  65  7:42  Stalker  
  73  7:52  Assimilator  
  73  8:02  Nexus  
  73  8:04  Gateway  
  73  8:05  Gateway  
  73  8:06  Pylon  
  73  8:07  Pylon  
  73  8:10  Pylon, Stalker x2  
  77  8:33  Stalker x2  
  77  8:34  Stalker x2  
Tags
 
Add a new tag
Caveats
  • Supply blocks, unpowered buildings, or Contaminate may cause inaccurate times.
  • Supply counts are checked every 10 seconds.